AoeStats
← zamithdaniel

Black Forest

508546902Analyzed
3v3 RM · 10d ago on Sep 23, 2026· 51m 41s· 6 players
Game mode
Random Map
Map size
Normal (6 player)
Population
200
Speed
Normal
Resources
Standard
Victory
Conquest
Starting age
Dark Age
Ending age
Imperial Age
RankedLock teamsTeams togetherTeam positionsShared explorationLock speedFull tech treeHidden civsTurbo modeCheats
Victory
Defeat
🇺🇸 Danes · United States
921
+13
🇨🇴 Turks · Colombia
912
+13
🇺🇸 Burgundians · United States
893
+14
🇲🇽 Dravidians · Mexico
879
-14
🇩🇪 Slavs · Germany
861
-14
🇹🇷 Varangians · Türkiye
818
-12
MMOREE
0:29 Loom
12:43 Feudal Age
14:48 Wheelbarrow
14:00 Double-Bit Axe
14:11 Gold Mining
14:04 Horse Collar
23:12 Castle Age
24:14 Forging
24:04 Scale Mail Armor
27:26 Pikeman
28:09 Squires
28:47 Iron Casting
28:27 Chain Mail Armor
29:06 Fortified Wall
29:10 Masonry
28:56 Murder Holes
32:52 Imperial Age
33:25 Sanctity
33:32 Hand Cart
33:32 Detinets
34:44 Blast Furnace
34:14 Plate Mail Armor
34:49 Chemistry
34:43 Heavy Plow
35:26 Conscription
40:12 Halberdier
BearKing89
0:31 Loom
12:57 Feudal Age
17:13 Castle Age
18:16 Double-Bit Axe
18:52 Stone Mining
21:02 Fletching
21:32 Bow Saw
23:11 Gold Mining
26:31 Padded Archer Armor
26:28 Horse Collar
27:19 Heavy Plow
29:00 Bodkin Arrow
29:20 Leather Archer Armor
29:57 Medical Corps
30:53 Wheelbarrow
31:21 Caravan
31:51 Hand Cart
35:34 Imperial Age
33:49 Thumb Ring
36:21 Bracer
36:52 Ring Archer Armor
35:45 Elite Elephant Archer
37:07 Conscription
39:03 Chemistry
38:24 Ballistics
mulgezen
0:37 Loom
12:44 Feudal Age
14:03 Wheelbarrow
13:24 Double-Bit Axe
13:38 Stone Mining
13:41 Gold Mining
14:18 Horse Collar
22:58 Castle Age
24:00 Bloodlines
24:05 Forging
24:01 Scale Barding Armor
24:21 Hand Cart
24:21 Bow Saw
24:48 Stone Shaft Mining
24:18 Heavy Plow
25:03 Caravan
33:36 Imperial Age
33:40 Iron Casting
33:26 Chain Barding Armor
33:49 Husbandry
34:06 Town Watch
35:44 Two-Man Saw
35:19 Crop Rotation
35:03 Town Patrol
35:34 Cavalier
35:39 Heavy Mounted Crossbowman
37:25 Vendel Legacy
38:27 Conscription
46:18 Masonry
46:19 Fortified Wall
46:33 Ballistics
47:13 Chemistry
47:41 Blast Furnace
47:16 Plate Barding Armor
47:30 Padded Archer Armor
47:20 Fletching
47:20 Cranequins
47:32 Light Cavalry
48:45 Hussar
vondeluc73
4:47 Loom
12:41 Feudal Age
13:52 Double-Bit Axe
17:29 Castle Age
16:30 Fletching
16:40 Padded Archer Armor
16:39 Horse Collar
18:06 Bloodlines
18:32 Heavy Plow
28:43 Husbandry
28:52 Thumb Ring
28:55 Bodkin Arrow
29:16 Leather Archer Armor
32:30 Ballistics
34:59 Wheelbarrow
34:13 Town Watch
37:27 Imperial Age
36:23 Hamask
38:13 Elite Jomsviking
40:30 Chemistry
40:17 Conscription
41:21 Cranequins
41:22 Heavy Mounted Crossbowman
42:36 Bracer
43:06 Ring Archer Armor
43:08 Bow Saw
44:07 Conscription
44:43 Squires
44:29 Arson
44:30 Gambesons
nathanst1996
0:28 Loom
12:38 Feudal Age
13:06 Wheelbarrow
12:22 Double-Bit Axe
12:30 Stone Mining
22:07 Bow Saw
21:42 Horse Collar
27:39 Castle Age
29:24 Cavalier
30:07 Husbandry
29:29 Light Cavalry
30:12 Heavy Plow
30:32 Hand Cart
30:40 Scale Barding Armor
30:46 Forging
32:26 Caravan
34:43 Gold Mining
35:14 Chain Barding Armor
35:30 Iron Casting
34:59 Scale Mail Armor
36:30 Crop Rotation
37:06 Two-Man Saw
37:20 Burgundian Vineyards
43:35 Imperial Age
41:17 Fortified Wall
42:18 Padded Archer Armor
42:09 Fletching
43:51 Elite Skirmisher
zamithdaniel
11:24 Feudal Age
12:37 Double-Bit Axe
17:44 Castle Age
16:15 Horse Collar
20:38 Bow Saw
22:49 Gold Mining
23:04 Stone Mining
24:29 Heavy Plow
28:35 Loom
30:30 Gold Shaft Mining
32:27 Imperial Age
31:44 Wheelbarrow
30:55 Town Watch
33:34 Padded Archer Armor
33:44 Forging
33:40 Scale Barding Armor
33:58 Ballistics
35:06 Conscription
34:48 Artillery
34:10 Elite Janissary
35:25 Hand Cart
36:18 Leather Archer Armor
36:39 Iron Casting
36:24 Chain Barding Armor
36:53 Husbandry
37:22 Bloodlines
39:52 Ring Archer Armor
40:23 Blast Furnace
39:59 Plate Barding Armor
44:34 Fortified Wall
Connection lost

Rejoining the realm…

Still unreachable

The connection could not be restored.

Session expired

The server has moved on; the page needs a fresh start.